 Dungeon Crawl Stone Soup version 0.26-a0-490-gf8362a0c98 (webtiles) character file.

Game seed: 17499364210162352070

84 KristoblXynda the Ducker (level 4, 0/34 HPs)
             Began as a Vampire Gladiator on Aug 4, 2020.
             Slain by a goblin (4 damage)
             ... on level 3 of the Dungeon.
             The game lasted 00:02:08 (1409 turns).

KristoblXynda the Ducker (Vampire Gladiator)        Turns: 1409, Time: 00:02:09

Health: 0/34       AC:  5    Str: 14    XL:     4   Next: 23%
Magic:  4/4        EV: 13    Int: 10    God:
Gold:   229        SH:  0    Dex: 15    Spells: 3/3 levels left

rFire    . . .     SeeInvis +   a - +0 long sword
rCold    . . .     Faith    .   (no shield)
rNeg     . . .     Spirit   .   b - +0 leather armour
rPois    +         Reflect  .   c - +0 helmet
rElec    .         Harm     .   (no cloak)
rCorr    .                      (no gloves)
MR       .....                  m - +0 pair of boots
Stlth    +.........             r - amulet of regeneration
HPRegen  0.71/turn              o - ring of poison resistance
MPRegen  0.09/turn              (no ring)

@: regenerating quickly
A: fangs 3, see invisible, unbreathing
a: Exsanguinate


You were on level 3 of the Dungeon.
You visited 1 branch of the dungeon, and saw 3 of its levels.

You collected 229 gold pieces.

Inventory:

Hand Weapons
 a - a +0 long sword (weapon)
Missiles
 d - 3 throwing nets (quivered)
Armour
 b - a +0 leather armour (worn)
 c - a +0 helmet (worn)
 i - a +0 kite shield
 m - a +0 pair of boots (worn)
Jewellery
 j - an uncursed ring of fire
 o - a ring of poison resistance (left hand)
 r - an amulet of regeneration (around neck)
Scrolls
 e - a scroll of enchant armour {unknown}
 f - a scroll of immolation {unknown}
 g - 2 scrolls of teleportation {unknown}
 h - a scroll of blinking {unknown}
 l - a scroll of remove curse {unknown}
 p - 2 scrolls of magic mapping {unknown}
 s - a scroll of fog {unknown}
 t - a scroll of random uselessness {unknown}
Potions
 k - a potion of degeneration {unknown}
 n - 2 potions of curing
 q - a potion of might
 u - a potion of invisibility {unknown}


   Skills:
 + Level 2.5 Fighting
 + Level 3.6 Long Blades
 - Level 2.0 Throwing
 + Level 0.7 Armour
 + Level 3.9 Dodging


You had 3 spell levels left.
You didn't know any spells.
Your spell library was empty.

Dungeon Overview and Level Annotations

Branches:
Dungeon (3/15)

Altars:


Innate Abilities, Weirdness & Mutations

Your natural rate of healing is unusually fast.
You have razor-sharp teeth.
You have supernaturally acute eyesight. (SInv)
You can survive without breathing.


Message History

You kill the worm!
You see here a worm corpse.
A hobgoblin comes into view. It is wielding a +0 club.
A hobgoblin is nearby!
A hobgoblin is nearby!
A goblin and a kobold come into view.
The goblin is carrying a wand of disintegration (17).
The kobold is wielding a +0 dagger of holy wrath and quivering 7 poisoned darts.
The goblin shouts!
The kobold shouts!
The hobgoblin shouts!
Found 10 gold pieces.
The goblin zaps a wand.
You barely resist.
The hobgoblin hits you but does no damage.
You barely miss the hobgoblin. The hobgoblin barely misses you.
The goblin zaps a wand.
You are blasted!
Ouch! That really hurt!
* * * LOW HITPOINT WARNING * * *
You closely miss the hobgoblin. The hobgoblin misses you.
The hobgoblin hits you with a +0 club.
* * * LOW HITPOINT WARNING * * *
You barely miss the hobgoblin. The goblin hits you.
You die...

................#
#.........#.######
#.........†(# #..
#........#####.#
#.............#
##............#
#.##.######..# #
#.#.......#####.#
#.#.####.g@gK...#
#...# #.###.####
##..# #.# .# #..#
#g. .. #..# #.# ##
.... ..# #...# #.$
#...# ....#


You could see a hobgoblin, a goblin and a kobold.

Vanquished Creatures
  2 adders
  2 worms
  2 leopard geckos
  4 giant cockroaches
  8 goblins
  9 hobgoblins
  7 jackals
  A quokka (D:2)
  2 ball pythons
  3 bats
  2 frilled lizards
  4 kobolds
  5 rats (D:1)
  A fungus (D:2)
52 creatures vanquished.

Vanquished Creatures (others)
  5 toadstools (D:2)
5 creatures vanquished.

Grand Total: 57 creatures vanquished

Notes
Turn   | Place    | Note
-------+----------+-------------------------------------------
     0 | D:1      | KristoblXynda the Vampire Gladiator began the quest for the
                  | Orb.
     0 | D:1      | Reached XP level 1. HP: 16/16 MP: 1/1
    53 | D:1      | Reached XP level 2. HP: 22/22 MP: 2/2
   287 | D:1      | Reached XP level 3. HP: 22/27 MP: 3/3
  1180 | D:3      | Reached XP level 4. HP: 34/34 MP: 4/4
  1409 | D:3      | Slain by a goblin

Illustrated notes

Levels and vault maps discovered:
D:1:      saegor_arrival_simple_b, layout_rooms
D:2:      layout_basic, minmay_gold_behind_fungi, minmay_tall_x
D:3:      layout_loops_ring

Skill      XL: |  1  2 |
---------------+-------+-----
Fighting       | 2 |  2.5
Throwing       | 2 |  2.0
Long Blades    | |  3.6
Armour         | |  0.7
Dodging        | |  3.9

Action                   |  1- 3 |  4- 6 || total
-------------------------+-------+-------++-------
Melee: Long sword        |   128 |    21 ||   149
       Bite              |    14 |     1 ||    15
  Use: Scroll            |     3 |       ||     3
 Stab: Sleeping          |     1 |       ||     1
Armor: Leather armour    |    32 |     8 ||    40
Dodge: Dodged            |    93 |    12 ||   105
       Rpst.: Long sword |    31 |     5 ||    36

Table legend: (Time is in decaauts)
 A = Elapsed time spent in this place.
 B = Non-inter-level travel time spent in this place.
 C = Inter-level travel time spent in this place.
 D = Time resting spent in this place.
 E = Time spent auto-exploring this place.
 F = Levels seen in this place.
 G = Mean time per level.
                   A        B        C        D        E       F      G
               +--------+--------+--------+--------+--------+-----+--------+
         Total |   1441 |   1436 |      5 |     43 |    946 |   3 |  480.3 |
       Dungeon |   1441 |   1436 |      5 |     43 |    946 |   3 |  480.3 |
               +--------+--------+--------+--------+--------+-----+--------+

Top non-repeatable levels by time:
     D:2: 678 daAuts
     D:1: 491 daAuts
     D:3: 271 daAuts
